[ AOE2 MATCH · #465737211 ]
Team RMHindustanis vs Magyars
Player's team · LOSS
[ REPLAY ANALYSIS · EXTRACTED FROM THE RECORDED GAME ]
Feudal
11:02
Castle
26:40
Imperial
—
| APM avg | 44.5 |
| APM peak | 94 |
| eAPM avg | 23.1 |
| Villagers / military | 80 / 11 |
Focus
⚔️ 14.9% · 🌾 85.1%
Spearman ×7 · Scout Cavalry ×4
Feudal
8:46
Castle
27:53
Imperial
—
| APM avg | 40.1 |
| APM peak | 90 |
| eAPM avg | 24.3 |
| Villagers / military | 99 / 0 |
Focus
⚔️ 27.1% · 🌾 72.9%
Feudal
12:00
Castle
16:19
Imperial
—
| APM avg | 51.9 |
| APM peak | 128 |
| eAPM avg | 19.8 |
| Villagers / military | 63 / 23 |
Focus
⚔️ 28.7% · 🌾 71.3%
Mameluke ×23
Feudal
9:22
Castle
20:56
Imperial
—
| APM avg | 32.5 |
| APM peak | 72 |
| eAPM avg | 16.8 |
| Villagers / military | 88 / 41 |
Focus
⚔️ 26.5% · 🌾 73.5%
Cavalry Archer ×22 · Knight ×13 · Scout Cavalry ×6
Feudal
11:02
Castle
21:48
Imperial
—
| APM avg | 21.5 |
| APM peak | 73 |
| eAPM avg | 10.7 |
| Villagers / military | 40 / 21 |
Focus
⚔️ 18.9% · 🌾 81.1%
Teutonic Knight ×11 · Scout Cavalry ×5 · Spearman ×2 · Knight ×1 · Monk ×1 · Battering Ram ×1
Feudal
11:29
Castle
24:29
Imperial
—
| APM avg | 28.6 |
| APM peak | 82 |
| eAPM avg | 13.5 |
| Villagers / military | 104 / 0 |
Focus
⚔️ 16.0% · 🌾 84.0%
Feudal
9:25
Castle
22:24
Imperial
—
| APM avg | 38.5 |
| APM peak | 70 |
| eAPM avg | 17.9 |
| Villagers / military | 88 / 42 |
Focus
⚔️ 22.8% · 🌾 77.2%
Scout Cavalry ×20 · Knight ×18 · Battering Ram ×4
Feudal
8:54
Castle
31:50
Imperial
—
| APM avg | 47.0 |
| APM peak | 105 |
| eAPM avg | 22.1 |
| Villagers / military | 70 / 34 |
Focus
⚔️ 33.5% · 🌾 66.5%
Scout Cavalry ×34
Match map
Resources at game start + every placement click. Thick line = wall · dashed box = detected house wall. 🟡 gold · ⚪ stone · 🟢 berries · 🔶 boar · ⭕ relic
Inputs per minute
— What's bro yappin about? - - korn
Build order — What's bro yappin about?
First 150 of 182 actions detected
| 0:00 | Create | Villager (Male) |
| 0:01 | Create | Villager (Male) |
| 0:01 | Create | Villager (Male) |
| 0:01 | Create | Villager (Male) |
| 0:02 | Build | House |
| 0:04 | Build | House |
| 1:10 | Create | Villager (Male) |
| 1:11 | Create | Villager (Male) |
| 1:41 | Create | Villager (Male) |
| 1:41 | Create | Villager (Male) |
| 2:30 | Create | Villager (Male) |
| 2:30 | Create | Villager (Male) |
| 2:31 | Create | Villager (Male) |
| 2:31 | Create | Villager (Male) |
| 2:31 | Create | Villager (Male) |
| 3:14 | Create | Villager (Male) |
| 3:14 | Create | Villager (Male) |
| 3:14 | Create | Villager (Male) |
| 3:15 | Create | Villager (Male) |
| 3:21 | Build | Lumber Camp |
| 3:23 | Create | Villager (Male) |
| 3:24 | Create | Villager (Male) |
| 3:28 | Build | House |
| 4:07 | Create | Villager (Male) |
| 4:23 | Build | House |
| 4:25 | Create | Villager (Male) |
| 4:25 | Create | Villager (Male) |
| 4:45 | Create | Villager (Male) |
| 5:41 | Build | Mill |
| 6:23 | Create | Villager (Male) |
| 6:24 | Create | Villager (Male) |
| 6:40 | Create | Villager (Male) |
| 6:57 | Build | Mining Camp |
| 7:18 | Create | Villager (Male) |
| 7:37 | Create | Villager (Male) |
| 8:00 | Research | Loom |
| 8:29 | Research | Feudal Age |
| 8:48 | Build | Barracks |
| 9:48 | Build | Palisade Wall |
| 9:51 | Build | Palisade Wall |
| 9:55 | Build | House |
| 10:00 | Build | House |
| 10:21 | Create | Villager (Male) |
| 10:21 | Create | Villager (Male) |
| 11:02 | Age | Feudal Age |
| 11:03 | Build | Stable |
| 11:06 | Build | Stable |
| 11:10 | Create | Spearman |
| 11:17 | Research | Double-Bit Axe |
| 11:33 | Build | House |
| 11:40 | Create | Villager (Male) |
| 11:50 | Build | Farm |
| 11:51 | Build | Farm |
| 12:00 | Create | Scout Cavalry |
| 12:00 | Create | Scout Cavalry |
| 12:00 | Create | Scout Cavalry |
| 12:18 | Create | Villager (Male) |
| 12:19 | Create | Villager (Male) |
| 12:49 | Build | Farm |
| 12:50 | Research | Horse Collar |
| 12:52 | Create | Villager (Male) |
| 13:08 | Create | Villager (Male) |
| 13:11 | Build | Farm |
| 13:14 | Build | Farm |
| 13:39 | Build | Farm |
| 13:56 | Create | Villager (Male) |
| 14:04 | Build | Farm |
| 14:04 | Build | Farm |
| 14:05 | Build | Farm |
| 14:19 | Create | Scout Cavalry |
| 14:20 | Create | Villager (Male) |
| 14:26 | Build | House |
| 14:45 | Create | Villager (Male) |
| 14:53 | Build | House |
| 15:09 | Create | Villager (Male) |
| 15:15 | Create | Spearman |
| 15:19 | Build | Palisade Wall |
| 15:21 | Build | Palisade Wall |
| 15:23 | Build | Palisade Wall |
| 15:30 | Build | Farm |
| 15:31 | Build | Farm |
| 15:31 | Create | Villager (Male) |
| 15:32 | Create | Villager (Male) |
| 16:11 | Build | Farm |
| 16:14 | Build | Farm |
| 16:16 | Build | House |
| 16:41 | Create | Villager (Male) |
| 16:42 | Create | Villager (Male) |
| 16:44 | Build | Farm |
| 16:45 | Create | Villager (Male) |
| 17:05 | Create | Villager (Male) |
| 17:05 | Create | Villager (Male) |
| 17:26 | Create | Villager (Male) |
| 17:33 | Build | Outpost |
| 17:56 | Create | Villager (Male) |
| 18:00 | Research | Wheelbarrow |
| 18:19 | Create | Spearman |
| 18:27 | Create | Spearman |
| 18:27 | Create | Spearman |
| 18:30 | Build | House |
| 18:36 | Build | House |
| 18:53 | Build | Watch Tower |
| 18:58 | Build | Farm |
| 19:01 | Build | Farm |
| 19:21 | Build | Blacksmith |
| 19:28 | Build | Farm |
| 19:28 | Create | Villager (Male) |
| 19:34 | Build | Watch Tower |
| 20:00 | Build | Mining Camp |
| 20:05 | Build | Mining Camp |
| 20:17 | Create | Villager (Male) |
| 20:25 | Build | Mining Camp |
| 20:54 | Research | Fletching |
| 21:07 | Build | Watch Tower |
| 21:17 | Create | Spearman |
| 21:17 | Create | Spearman |
| 21:52 | Create | Villager (Male) |
| 21:54 | Create | Villager (Male) |
| 22:37 | Build | Palisade Wall |
| 22:57 | Create | Villager (Male) |
| 22:58 | Create | Villager (Male) |
| 23:16 | Build | Market |
| 23:26 | Create | Villager (Male) |
| 23:27 | Create | Villager (Male) |
| 23:57 | Research | Castle Age |
| 26:40 | Age | Castle Age |
| 26:45 | Build | Town Center |
| 26:54 | Build | Outpost |
| 26:58 | Create | Villager (Male) |
| 27:03 | Create | Villager (Male) |
| 27:38 | Build | Palisade Wall |
| 28:09 | Create | Villager (Male) |
| 28:09 | Create | Villager (Male) |
| 28:59 | Research | Bow Saw |
| 29:01 | Create | Villager (Male) |
| 29:03 | Create | Villager (Male) |
| 29:56 | Create | Villager (Male) |
| 29:57 | Create | Villager (Male) |
| 30:08 | Build | Town Center |
| 30:14 | Build | House |
| 30:26 | Build | Farm |
| 30:56 | Build | Palisade Wall |
| 30:58 | Create | Villager (Male) |
| 30:58 | Create | Villager (Male) |
| 31:27 | Build | Palisade Wall |
| 31:32 | Create | Villager (Male) |
| 31:32 | Create | Villager (Male) |
| 31:33 | Create | Villager (Male) |
| 31:33 | Create | Villager (Male) |
| 31:38 | Build | Farm |
Build order — korn
First 150 of 244 actions detected
| 0:00 | Create | Villager (Male) |
| 0:01 | Create | Villager (Male) |
| 0:01 | Create | Villager (Male) |
| 0:02 | Build | House |
| 0:05 | Build | House |
| 0:53 | Create | Villager (Male) |
| 1:30 | Create | Villager (Male) |
| 1:31 | Create | Villager (Male) |
| 2:07 | Create | Villager (Male) |
| 2:08 | Create | Villager (Male) |
| 2:08 | Create | Villager (Male) |
| 2:14 | Create | Villager (Male) |
| 3:04 | Create | Villager (Male) |
| 3:05 | Create | Villager (Male) |
| 3:52 | Build | House |
| 4:05 | Create | Villager (Male) |
| 4:41 | Create | Villager (Male) |
| 4:41 | Create | Villager (Male) |
| 4:55 | Create | Villager (Male) |
| 5:15 | Build | Lumber Camp |
| 5:26 | Research | Loom |
| 6:00 | Build | Mining Camp |
| 6:36 | Research | Feudal Age |
| 6:37 | Research | Feudal Age |
| 6:37 | Research | Feudal Age |
| 7:23 | Create | Villager (Male) |
| 7:38 | Build | House |
| 8:32 | Build | House |
| 8:46 | Age | Feudal Age |
| 8:49 | Build | Watch Tower |
| 8:53 | Build | Watch Tower |
| 8:57 | Create | Villager (Male) |
| 9:12 | Build | Watch Tower |
| 9:54 | Build | Mill |
| 10:14 | Create | Villager (Male) |
| 10:15 | Create | Villager (Male) |
| 10:32 | Build | Watch Tower |
| 10:41 | Build | House |
| 11:00 | Create | Villager (Male) |
| 11:00 | Create | Villager (Male) |
| 11:01 | Create | Villager (Male) |
| 11:16 | Build | Mill |
| 11:18 | Build | Palisade Wall |
| 11:19 | Build | Palisade Wall |
| 11:20 | Build | Palisade Wall |
| 11:20 | Build | Palisade Wall |
| 11:21 | Build | Palisade Wall |
| 11:26 | Build | Palisade Wall |
| 11:31 | Create | Villager (Male) |
| 11:31 | Create | Villager (Male) |
| 11:31 | Create | Villager (Male) |
| 11:38 | Build | Palisade Wall |
| 11:39 | Build | Palisade Wall |
| 11:40 | Build | Palisade Wall |
| 11:51 | Build | Palisade Wall |
| 11:55 | Create | Villager (Male) |
| 12:02 | Create | Villager (Male) |
| 12:08 | Create | Villager (Male) |
| 12:42 | Build | Mining Camp |
| 12:48 | Create | Villager (Male) |
| 12:58 | Create | Villager (Male) |
| 13:04 | Create | Villager (Male) |
| 13:08 | Create | Villager (Male) |
| 13:15 | Build | Palisade Wall |
| 13:17 | Build | Palisade Wall |
| 13:17 | Build | Palisade Wall |
| 13:24 | Create | Villager (Male) |
| 13:31 | Build | Palisade Wall |
| 13:34 | Create | Villager (Male) |
| 13:51 | Create | Villager (Male) |
| 13:56 | Create | Villager (Male) |
| 13:59 | Build | Palisade Wall |
| 13:59 | Build | Palisade Wall |
| 14:00 | Build | Palisade Wall |
| 14:00 | Build | Palisade Wall |
| 14:02 | Build | Palisade Wall |
| 14:03 | Build | Palisade Wall |
| 14:11 | Build | Watch Tower |
| 14:21 | Create | Villager (Male) |
| 14:25 | Build | House |
| 14:35 | Create | Villager (Male) |
| 14:42 | Build | Palisade Wall |
| 14:57 | Build | Watch Tower |
| 14:58 | Create | Villager (Male) |
| 15:04 | Create | Villager (Male) |
| 15:09 | Research | Double-Bit Axe |
| 15:25 | Create | Villager (Male) |
| 15:29 | Build | Palisade Gate |
| 15:31 | Build | Palisade Gate |
| 15:33 | Build | Palisade Wall |
| 15:39 | Create | Villager (Male) |
| 15:48 | Build | Building 804 |
| 16:07 | Build | House |
| 16:11 | Research | Town Watch |
| 16:31 | Create | Villager (Male) |
| 16:34 | Build | Farm |
| 16:34 | Build | Farm |
| 16:35 | Build | Farm |
| 16:35 | Build | Farm |
| 16:38 | Research | Horse Collar |
| 16:42 | Create | Villager (Male) |
| 17:02 | Build | Watch Tower |
| 17:08 | Build | Farm |
| 17:18 | Create | Villager (Male) |
| 17:22 | Build | Farm |
| 17:31 | Build | Farm |
| 17:52 | Create | Villager (Male) |
| 17:53 | Build | House |
| 17:54 | Create | Villager (Male) |
| 17:54 | Create | Villager (Male) |
| 18:10 | Build | Farm |
| 18:28 | Build | Watch Tower |
| 18:38 | Create | Villager (Male) |
| 18:45 | Create | Villager (Male) |
| 18:55 | Create | Villager (Male) |
| 18:57 | Build | Watch Tower |
| 19:25 | Research | Stone Mining |
| 19:39 | Create | Villager (Male) |
| 19:56 | Build | Blacksmith |
| 20:00 | Build | Farm |
| 20:00 | Create | Villager (Male) |
| 20:09 | Create | Villager (Male) |
| 20:11 | Create | Villager (Male) |
| 20:31 | Build | House |
| 20:35 | Research | Wheelbarrow |
| 20:43 | Research | Fletching |
| 21:03 | Build | Watch Tower |
| 21:10 | Create | Villager (Male) |
| 21:18 | Build | Outpost |
| 21:20 | Build | House |
| 21:35 | Create | Villager (Male) |
| 21:47 | Create | Villager (Male) |
| 22:01 | Create | Villager (Male) |
| 22:10 | Create | Villager (Male) |
| 22:15 | Create | Villager (Male) |
| 22:25 | Create | Villager (Male) |
| 22:32 | Build | Mining Camp |
| 22:43 | Build | Building 796 |
| 22:44 | Create | Villager (Male) |
| 22:48 | Create | Villager (Male) |
| 23:13 | Create | Villager (Male) |
| 23:23 | Build | Mining Camp |
| 23:32 | Create | Villager (Male) |
| 23:58 | Create | Villager (Male) |
| 24:21 | Build | Market |
| 24:28 | Create | Villager (Male) |
| 24:52 | Build | Palisade Wall |
| 24:58 | Build | House |
| 25:05 | Build | Building 487 |
| 25:07 | Build | Stone Wall |
Build order — Retired Sweat Lord
145 actions detected in the replay
| 0:00 | Create | Villager (Male) ×4 |
| 0:01 | Build | House |
| 0:03 | Build | House |
| 0:11 | Research | Loom |
| 0:13 | Create | Villager (Male) |
| 0:13 | Create | Villager (Male) |
| 1:15 | Build | Mill |
| 1:58 | Create | Villager (Male) |
| 1:58 | Create | Villager (Male) |
| 2:51 | Create | Villager (Male) |
| 2:51 | Create | Villager (Male) |
| 3:19 | Create | Villager (Male) |
| 3:19 | Create | Villager (Male) |
| 3:57 | Create | Villager (Male) |
| 3:57 | Create | Villager (Male) |
| 3:57 | Create | Villager (Male) |
| 3:57 | Create | Villager (Male) |
| 4:53 | Build | House |
| 5:02 | Create | Villager (Male) |
| 5:03 | Create | Villager (Male) |
| 5:04 | Create | Villager (Male) |
| 5:04 | Create | Villager (Male) |
| 5:38 | Build | House |
| 5:40 | Create | Villager (Male) |
| 5:41 | Create | Villager (Male) |
| 6:32 | Create | Villager (Male) |
| 7:16 | Create | Villager (Male) |
| 7:28 | Build | Lumber Camp |
| 7:51 | Create | Villager (Male) |
| 8:33 | Create | Villager (Male) |
| 8:34 | Create | Villager (Male) |
| 8:51 | Build | Mill |
| 9:18 | Build | Mining Camp |
| 9:20 | Create | Villager (Male) |
| 9:50 | Research | Feudal Age |
| 9:50 | Research | Feudal Age |
| 11:05 | Build | House |
| 11:07 | Build | Palisade Wall |
| 12:00 | Age | Feudal Age |
| 12:09 | Create | Villager (Male) |
| 12:10 | Create | Villager (Male) |
| 12:12 | Build | Market |
| 12:34 | Build | Blacksmith |
| 12:37 | Build | House |
| 12:53 | Build | Palisade Wall |
| 12:54 | Build | Palisade Wall |
| 12:55 | Build | Palisade Wall |
| 13:39 | Research | Castle Age |
| 14:08 | Build | Outpost |
| 14:10 | Build | Outpost |
| 14:17 | Build | Outpost |
| 14:37 | Build | Watch Tower |
| 14:46 | Build | Palisade Wall |
| 14:48 | Build | Palisade Wall |
| 14:49 | Build | Palisade Wall |
| 14:51 | Build | Palisade Wall |
| 14:55 | Build | Palisade Wall |
| 14:56 | Build | Palisade Wall |
| 16:19 | Age | Castle Age |
| 16:27 | Build | Palisade Wall |
| 16:52 | Create | Villager (Male) |
| 16:52 | Create | Villager (Male) |
| 17:09 | Build | House |
| 17:37 | Build | Castle |
| 17:45 | Create | Villager (Male) |
| 17:45 | Create | Villager (Male) |
| 18:57 | Create | Mameluke |
| 18:57 | Create | Mameluke |
| 18:57 | Create | Mameluke |
| 19:40 | Create | Mameluke |
| 20:04 | Build | Outpost |
| 20:05 | Research | Town Watch |
| 20:10 | Create | Mameluke |
| 20:19 | Build | Outpost |
| 20:24 | Build | Outpost |
| 20:40 | Build | Town Center |
| 20:43 | Create | Villager (Male) |
| 20:43 | Create | Villager (Male) |
| 21:07 | Create | Mameluke |
| 21:22 | Build | Mill |
| 21:24 | Create | Villager (Male) |
| 21:25 | Create | Villager (Male) |
| 22:05 | Create | Villager (Male) |
| 22:06 | Create | Mameluke |
| 22:17 | Create | Villager (Male) |
| 22:18 | Create | Villager (Male) |
| 22:56 | Create | Mameluke |
| 22:57 | Create | Mameluke |
| 23:38 | Create | Mameluke |
| 23:38 | Create | Mameluke |
| 24:01 | Create | Mameluke |
| 24:01 | Create | Mameluke |
| 24:04 | Create | Villager (Male) |
| 24:04 | Create | Villager (Male) |
| 24:10 | Create | Villager (Male) |
| 24:35 | Research | Scale Barding Armor |
| 24:41 | Build | Barracks |
| 24:43 | Create | Mameluke |
| 24:44 | Create | Villager (Male) |
| 24:45 | Create | Villager (Male) |
| 24:58 | Create | Mameluke |
| 25:25 | Create | Mameluke |
| 25:36 | Build | Stable |
| 25:52 | Research | Chain Barding Armor |
| 26:38 | Research | Bloodlines |
| 26:47 | Research | Husbandry |
| 27:02 | Build | Mining Camp |
| 27:15 | Build | Lumber Camp |
| 27:36 | Create | Mameluke |
| 27:36 | Create | Mameluke |
| 28:16 | Build | Farm |
| 28:16 | Build | Farm |
| 28:16 | Build | Farm |
| 28:17 | Build | Farm |
| 28:22 | Create | Villager (Male) ×4 |
| 28:22 | Create | Villager (Male) ×4 |
| 28:44 | Build | Farm |
| 28:45 | Build | Farm |
| 28:45 | Build | Farm |
| 28:45 | Build | Farm |
| 28:49 | Build | Farm |
| 28:50 | Build | Farm |
| 28:50 | Build | Farm |
| 28:50 | Build | Farm |
| 30:13 | Create | Mameluke |
| 30:13 | Create | Mameluke |
| 31:13 | Create | Villager (Male) |
| 31:14 | Create | Villager (Male) |
| 31:21 | Build | Town Center |
| 31:23 | Create | Villager (Male) |
| 31:49 | Create | Villager (Male) |
| 31:57 | Create | Villager (Male) |
| 31:58 | Create | Villager (Male) |
| 31:59 | Build | Farm |
| 31:59 | Build | Farm |
| 31:59 | Build | Farm |
| 31:59 | Build | Farm |
| 32:00 | Research | Horse Collar |
| 32:15 | Create | Villager (Male) |
| 32:48 | Create | Villager (Male) |
| 32:49 | Create | Villager (Male) |
| 32:58 | Create | Mameluke |
| 32:58 | Create | Mameluke |
| 32:58 | Create | Mameluke |
| 33:28 | Build | Farm |
Build order — surprise
First 150 of 238 actions detected
| 0:03 | Create | Villager (Male) |
| 0:03 | Create | Villager (Male) |
| 0:04 | Build | House |
| 0:05 | Build | House |
| 0:17 | Create | Villager (Male) |
| 0:17 | Create | Villager (Male) |
| 1:27 | Create | Villager (Male) |
| 1:56 | Create | Villager (Male) |
| 1:56 | Create | Villager (Male) |
| 2:24 | Create | Villager (Male) |
| 2:30 | Build | Lumber Camp |
| 2:58 | Create | Villager (Male) |
| 3:26 | Create | Villager (Male) |
| 3:26 | Create | Villager (Male) |
| 3:27 | Create | Villager (Male) |
| 3:32 | Build | House |
| 4:17 | Create | Villager (Male) |
| 4:18 | Create | Villager (Male) |
| 4:18 | Create | Villager (Male) |
| 4:18 | Create | Villager (Male) |
| 5:11 | Build | Mill |
| 5:15 | Create | Villager (Male) |
| 5:27 | Create | Villager (Male) |
| 5:36 | Create | Villager (Male) |
| 5:59 | Create | Villager (Male) |
| 6:08 | Research | Loom |
| 7:07 | Research | Feudal Age |
| 7:07 | Research | Feudal Age |
| 7:30 | Build | Lumber Camp |
| 8:23 | Build | Barracks |
| 8:28 | Build | Barracks |
| 8:41 | Build | House |
| 9:08 | Build | Palisade Wall |
| 9:09 | Build | Palisade Wall |
| 9:10 | Build | Palisade Wall |
| 9:11 | Build | Palisade Wall |
| 9:12 | Build | Palisade Wall |
| 9:13 | Build | Palisade Wall |
| 9:22 | Age | Feudal Age |
| 9:25 | Build | Stable |
| 9:25 | Create | Villager (Male) |
| 9:25 | Create | Villager (Male) |
| 9:27 | Research | Double-Bit Axe |
| 9:33 | Build | Palisade Wall |
| 9:33 | Build | Palisade Wall |
| 9:34 | Build | Palisade Wall |
| 9:34 | Build | Palisade Wall |
| 9:35 | Build | Palisade Wall |
| 9:35 | Build | Palisade Wall |
| 9:35 | Build | Palisade Wall |
| 9:37 | Build | Palisade Wall |
| 9:38 | Build | Palisade Wall |
| 9:39 | Build | Palisade Wall |
| 9:39 | Build | Palisade Wall |
| 9:58 | Build | Farm |
| 9:59 | Build | Farm |
| 10:07 | Create | Villager (Male) |
| 10:13 | Build | House |
| 10:23 | Build | House |
| 10:25 | Build | Farm |
| 10:26 | Create | Scout Cavalry |
| 10:27 | Create | Scout Cavalry |
| 10:42 | Build | Farm |
| 10:47 | Build | Farm |
| 10:50 | Create | Villager (Male) |
| 11:13 | Build | Palisade Wall |
| 11:22 | Create | Villager (Male) |
| 11:23 | Build | Farm |
| 11:25 | Build | House |
| 11:28 | Create | Scout Cavalry |
| 11:55 | Create | Scout Cavalry |
| 12:00 | Build | Farm |
| 12:05 | Create | Villager (Male) |
| 12:05 | Create | Villager (Male) |
| 12:15 | Build | House |
| 12:16 | Build | Palisade Wall |
| 12:19 | Create | Scout Cavalry |
| 12:23 | Build | Farm |
| 12:35 | Create | Villager (Male) |
| 12:37 | Build | Farm |
| 12:51 | Create | Scout Cavalry |
| 13:03 | Build | Farm |
| 13:04 | Create | Villager (Male) |
| 13:11 | Build | Farm |
| 13:15 | Create | Villager (Male) |
| 13:30 | Create | Villager (Male) |
| 13:33 | Build | Farm |
| 14:08 | Create | Villager (Male) |
| 14:18 | Build | Farm |
| 14:18 | Build | Farm |
| 14:18 | Build | Farm |
| 14:18 | Build | Farm |
| 14:40 | Build | Farm |
| 14:46 | Build | Farm |
| 14:46 | Create | Villager (Male) |
| 14:48 | Build | Farm |
| 15:04 | Build | Farm |
| 15:05 | Create | Villager (Male) |
| 15:19 | Build | Mining Camp |
| 15:19 | Create | Villager (Male) |
| 15:34 | Build | House |
| 16:10 | Create | Villager (Male) |
| 16:10 | Create | Villager (Male) |
| 16:11 | Create | Villager (Male) |
| 16:41 | Research | Wheelbarrow |
| 16:50 | Build | Market |
| 17:19 | Research | Stone Mining |
| 17:20 | Research | Horse Collar |
| 18:16 | Research | Castle Age |
| 18:17 | Research | Castle Age |
| 18:53 | Build | Palisade Wall |
| 19:39 | Build | Blacksmith |
| 19:54 | Build | Mining Camp |
| 20:04 | Create | Villager (Male) |
| 20:09 | Build | Stable |
| 20:38 | Research | Scale Barding Armor |
| 20:42 | Build | Mining Camp |
| 20:49 | Create | Villager (Male) |
| 20:50 | Create | Villager (Male) |
| 20:56 | Age | Castle Age |
| 21:02 | Build | Town Center |
| 21:04 | Create | Villager (Male) |
| 21:25 | Create | Villager (Male) |
| 21:36 | Build | Farm |
| 21:49 | Create | Knight |
| 21:50 | Create | Knight |
| 21:55 | Create | Knight |
| 21:55 | Create | Knight |
| 21:55 | Create | Knight |
| 21:56 | Create | Knight |
| 21:56 | Create | Knight |
| 21:56 | Create | Knight |
| 22:01 | Create | Villager (Male) |
| 22:04 | Research | Bow Saw |
| 22:04 | Research | Bow Saw |
| 22:16 | Create | Villager (Male) |
| 22:25 | Research | Husbandry |
| 22:28 | Research | Bloodlines |
| 22:34 | Create | Villager (Male) |
| 22:40 | Create | Villager (Male) |
| 22:58 | Create | Knight |
| 22:58 | Create | Knight |
| 23:26 | Create | Knight |
| 23:26 | Create | Knight |
| 23:26 | Create | Knight |
| 23:32 | Create | Villager (Male) |
| 23:52 | Build | Castle |
| 24:10 | Build | Lumber Camp |
| 24:17 | Create | Villager (Male) |
| 24:17 | Create | Villager (Male) |
Build order — brendansexson
138 actions detected in the replay
| 0:00 | Create | Villager (Male) |
| 0:01 | Create | Villager (Male) |
| 0:02 | Build | House |
| 0:04 | Build | House |
| 0:19 | Create | Villager (Male) |
| 0:20 | Create | Villager (Male) |
| 2:24 | Create | Villager (Male) |
| 2:24 | Create | Villager (Male) |
| 2:36 | Build | Lumber Camp |
| 3:15 | Create | Villager (Male) |
| 3:16 | Create | Villager (Male) |
| 3:19 | Create | Villager (Male) |
| 3:55 | Create | Villager (Male) |
| 3:55 | Create | Villager (Male) |
| 4:28 | Create | Villager (Male) |
| 4:28 | Create | Villager (Male) |
| 4:46 | Build | Mill |
| 5:05 | Build | House |
| 5:15 | Research | Loom |
| 5:16 | Create | Villager (Male) |
| 5:16 | Create | Villager (Male) |
| 6:46 | Create | Villager (Male) |
| 6:46 | Create | Villager (Male) |
| 6:47 | Create | Villager (Male) |
| 7:24 | Build | House |
| 7:25 | Build | House |
| 7:44 | Create | Villager (Male) |
| 7:45 | Create | Villager (Male) |
| 8:17 | Build | Barracks |
| 8:22 | Build | Palisade Wall |
| 8:53 | Research | Feudal Age |
| 9:10 | Build | Palisade Wall |
| 9:16 | Build | Building 800 |
| 9:18 | Build | Palisade Wall |
| 11:01 | Create | Villager (Male) |
| 11:02 | Create | Villager (Male) |
| 11:02 | Age | Feudal Age |
| 11:05 | Build | Stable |
| 11:13 | Research | Double-Bit Axe |
| 11:18 | Create | Villager (Male) |
| 11:54 | Create | Spearman |
| 11:56 | Create | Scout Cavalry |
| 11:57 | Create | Villager (Male) |
| 12:07 | Build | Blacksmith |
| 12:17 | Create | Spearman |
| 12:18 | Create | Villager (Male) |
| 12:20 | Create | Scout Cavalry |
| 12:44 | Create | Villager (Male) |
| 12:49 | Build | House |
| 13:03 | Research | Scale Barding Armor |
| 13:21 | Create | Scout Cavalry |
| 13:43 | Create | Villager (Male) |
| 13:55 | Build | Farm |
| 13:55 | Build | Farm |
| 13:55 | Build | Farm |
| 13:56 | Build | Farm |
| 13:56 | Build | Farm |
| 13:56 | Build | Farm |
| 13:57 | Build | Farm |
| 14:00 | Research | Horse Collar |
| 14:03 | Build | Mill |
| 14:10 | Build | Farm |
| 14:13 | Build | Farm |
| 15:41 | Create | Villager (Male) |
| 15:41 | Create | Villager (Male) |
| 15:50 | Create | Scout Cavalry |
| 16:09 | Build | Mining Camp |
| 16:33 | Create | Villager (Male) |
| 16:36 | Build | Farm |
| 16:43 | Build | Farm |
| 16:49 | Build | Farm |
| 16:51 | Build | Farm |
| 17:07 | Research | Wheelbarrow |
| 17:20 | Build | Stone Wall |
| 17:55 | Build | Market |
| 17:58 | Build | House |
| 19:08 | Research | Castle Age |
| 19:28 | Build | House |
| 19:30 | Build | House |
| 19:32 | Build | House |
| 19:33 | Build | House |
| 19:34 | Build | House |
| 19:44 | Create | Scout Cavalry |
| 21:47 | Build | Palisade Gate |
| 21:48 | Age | Castle Age |
| 21:53 | Research | Hand Cart |
| 21:53 | Research | Town Watch |
| 22:05 | Build | Siege Workshop |
| 22:11 | Build | House |
| 22:51 | Build | Stone Wall |
| 23:10 | Build | Stone Wall |
| 23:21 | Build | House |
| 23:22 | Create | Villager (Male) |
| 23:24 | Create | Villager (Male) |
| 24:06 | Build | Castle |
| 24:25 | Create | Villager (Male) |
| 24:54 | Build | Monastery |
| 25:04 | Create | Villager (Male) |
| 25:05 | Create | Villager (Male) |
| 25:20 | Build | House |
| 25:24 | Build | House |
| 25:36 | Build | Lumber Camp |
| 25:49 | Build | Building 490 |
| 25:57 | Build | Building 490 |
| 26:06 | Create | Villager (Male) |
| 26:06 | Create | Villager (Male) |
| 26:06 | Create | Villager (Male) |
| 26:46 | Create | Teutonic Knight |
| 26:47 | Create | Knight |
| 26:55 | Create | Teutonic Knight |
| 26:55 | Create | Teutonic Knight |
| 26:56 | Create | Teutonic Knight |
| 26:56 | Create | Teutonic Knight |
| 26:56 | Create | Teutonic Knight |
| 27:14 | Build | Lumber Camp |
| 27:15 | Create | Teutonic Knight |
| 27:35 | Create | Monk |
| 27:48 | Create | Teutonic Knight |
| 27:52 | Create | Villager (Male) |
| 27:56 | Create | Teutonic Knight |
| 28:32 | Create | Teutonic Knight |
| 28:35 | Research | Scale Mail Armor |
| 28:49 | Create | Villager (Male) |
| 28:53 | Create | Battering Ram |
| 29:25 | Research | Fletching |
| 29:52 | Research | Squires |
| 30:28 | Create | Teutonic Knight |
| 32:23 | Build | Town Center |
| 33:22 | Build | Farm |
| 33:22 | Build | Farm |
| 33:22 | Build | Farm |
| 33:23 | Build | Farm |
| 33:23 | Build | Farm |
| 33:23 | Build | Farm |
| 33:23 | Build | Farm |
| 33:24 | Build | Farm |
| 33:24 | Build | Farm |
| 33:24 | Build | Farm |
Build order — 自由人生
First 150 of 236 actions detected
| 0:01 | Create | Villager (Male) |
| 0:02 | Create | Villager (Male) |
| 0:03 | Build | House |
| 0:04 | Build | House |
| 0:28 | Create | Villager (Male) |
| 0:29 | Create | Villager (Male) |
| 1:31 | Create | Villager (Male) |
| 1:31 | Create | Villager (Male) |
| 1:57 | Create | Villager (Male) |
| 1:58 | Create | Villager (Male) |
| 1:58 | Create | Villager (Male) |
| 2:49 | Create | Villager (Male) |
| 2:49 | Create | Villager (Male) |
| 3:20 | Create | Villager (Male) |
| 3:20 | Create | Villager (Male) |
| 3:31 | Build | House |
| 3:52 | Create | Villager (Male) |
| 4:30 | Research | Loom |
| 4:44 | Build | Mill |
| 4:47 | Create | Villager (Male) |
| 4:47 | Create | Villager (Male) |
| 5:22 | Create | Villager (Male) |
| 5:27 | Build | House |
| 5:46 | Create | Villager (Male) |
| 6:23 | Create | Villager (Male) |
| 6:42 | Build | Lumber Camp |
| 6:49 | Build | Lumber Camp |
| 6:51 | Create | Villager (Male) |
| 7:11 | Create | Villager (Male) |
| 7:37 | Build | House |
| 7:40 | Build | Palisade Wall |
| 7:47 | Create | Villager (Male) |
| 8:12 | Create | Villager (Male) |
| 8:16 | Build | Mill |
| 8:38 | Create | Villager (Male) |
| 8:41 | Build | House |
| 8:58 | Build | Palisade Gate |
| 9:04 | Build | Palisade Wall |
| 9:19 | Research | Feudal Age |
| 9:43 | Build | Mining Camp |
| 9:54 | Build | Palisade Wall |
| 10:18 | Build | Palisade Wall |
| 10:51 | Build | Farm |
| 10:52 | Build | Farm |
| 10:53 | Build | Farm |
| 11:18 | Build | Farm |
| 11:29 | Age | Feudal Age |
| 11:35 | Create | Villager (Male) |
| 11:35 | Create | Villager (Male) |
| 11:44 | Build | Watch Tower |
| 12:00 | Research | Double-Bit Axe |
| 12:00 | Research | Double-Bit Axe |
| 12:08 | Build | Lumber Camp |
| 12:15 | Create | Villager (Male) |
| 12:34 | Create | Villager (Male) |
| 12:43 | Build | Blacksmith |
| 12:49 | Create | Villager (Male) |
| 13:17 | Build | Watch Tower |
| 13:19 | Create | Villager (Male) |
| 13:30 | Build | Market |
| 13:44 | Create | Villager (Male) |
| 14:00 | Build | Watch Tower |
| 14:02 | Create | Villager (Male) |
| 14:28 | Build | Farm |
| 14:33 | Create | Villager (Male) |
| 14:43 | Build | Watch Tower |
| 14:57 | Build | House |
| 15:03 | Build | House |
| 15:15 | Create | Villager (Male) |
| 15:54 | Create | Villager (Male) |
| 15:56 | Research | Fletching |
| 15:56 | Research | Fletching |
| 16:00 | Build | Farm |
| 16:03 | Build | Farm |
| 16:25 | Build | House |
| 16:29 | Build | Outpost |
| 16:31 | Create | Villager (Male) |
| 16:37 | Build | Farm |
| 16:38 | Build | Farm |
| 16:58 | Build | Watch Tower |
| 17:02 | Research | Town Watch |
| 17:02 | Research | Town Watch |
| 17:07 | Research | Horse Collar |
| 17:07 | Research | Horse Collar |
| 17:24 | Create | Villager (Male) |
| 17:25 | Create | Villager (Male) |
| 17:33 | Build | Palisade Wall |
| 17:35 | Build | Palisade Wall |
| 17:36 | Build | Palisade Wall |
| 17:37 | Build | Palisade Wall |
| 18:12 | Create | Villager (Male) |
| 18:23 | Build | House |
| 18:25 | Build | House |
| 18:27 | Build | House |
| 18:29 | Build | House |
| 18:42 | Create | Villager (Male) |
| 18:42 | Create | Villager (Male) |
| 19:02 | Build | Farm |
| 19:08 | Build | Watch Tower |
| 19:14 | Build | Watch Tower |
| 19:25 | Create | Villager (Male) |
| 19:33 | Build | Outpost |
| 19:36 | Create | Villager (Male) |
| 19:43 | Build | Mining Camp |
| 19:54 | Build | Stone Wall |
| 20:30 | Research | Wheelbarrow |
| 20:30 | Research | Wheelbarrow |
| 20:46 | Build | Mill |
| 20:56 | Build | Building 487 |
| 21:49 | Research | Castle Age |
| 21:50 | Research | Castle Age |
| 22:15 | Build | Watch Tower |
| 22:16 | Build | Mining Camp |
| 22:44 | Build | Watch Tower |
| 23:06 | Build | Lumber Camp |
| 23:20 | Build | Watch Tower |
| 23:25 | Build | Palisade Wall |
| 23:27 | Build | Palisade Wall |
| 23:28 | Build | Palisade Wall |
| 23:29 | Build | Palisade Wall |
| 23:30 | Build | Palisade Wall |
| 23:38 | Create | Villager (Male) |
| 23:38 | Create | Villager (Male) |
| 24:29 | Age | Castle Age |
| 24:31 | Create | Villager (Male) |
| 24:34 | Research | Bodkin Arrow |
| 24:34 | Research | Bodkin Arrow |
| 24:48 | Build | Town Center |
| 24:53 | Research | Bow Saw |
| 24:54 | Research | Bow Saw |
| 24:59 | Build | Town Center |
| 25:07 | Create | Villager (Male) |
| 25:23 | Build | Town Center |
| 25:30 | Create | Villager (Male) |
| 25:59 | Build | Watch Tower |
| 26:02 | Create | Villager (Male) |
| 26:02 | Create | Villager (Male) |
| 26:04 | Create | Villager (Male) |
| 26:17 | Create | Villager (Male) |
| 26:20 | Create | Villager (Male) |
| 26:37 | Create | Villager (Male) |
| 26:43 | Create | Villager (Male) |
| 26:44 | Create | Villager (Male) |
| 27:08 | Build | Palisade Wall |
| 27:09 | Build | Palisade Wall |
| 27:09 | Build | Palisade Wall |
| 27:10 | Build | Palisade Wall |
| 27:10 | Build | Palisade Wall |
| 27:10 | Build | Palisade Wall |
| 27:11 | Build | Palisade Wall |
Build order — 公鸡开大巴
First 150 of 236 actions detected
| 0:01 | Create | Villager (Male) |
| 0:02 | Create | Villager (Male) |
| 0:02 | Create | Villager (Male) |
| 0:03 | Create | Villager (Male) |
| 0:04 | Build | House |
| 0:05 | Build | House |
| 1:33 | Create | Villager (Male) |
| 1:53 | Create | Villager (Male) |
| 1:59 | Build | Lumber Camp |
| 2:30 | Create | Villager (Male) |
| 2:57 | Create | Villager (Male) |
| 3:03 | Create | Villager (Male) |
| 3:44 | Create | Villager (Male) |
| 3:52 | Build | House |
| 3:59 | Build | House |
| 4:01 | Create | Villager (Male) |
| 4:06 | Create | Villager (Male) |
| 4:27 | Create | Villager (Male) |
| 5:21 | Create | Villager (Male) |
| 5:52 | Build | Mill |
| 5:58 | Create | Villager (Male) |
| 6:25 | Create | Villager (Male) |
| 6:47 | Create | Villager (Male) |
| 7:15 | Research | Feudal Age |
| 7:55 | Build | Palisade Gate |
| 7:58 | Build | Palisade Wall |
| 8:03 | Build | Palisade Wall |
| 8:16 | Build | Mill |
| 8:58 | Create | Villager (Male) |
| 9:07 | Build | Barracks |
| 9:25 | Age | Feudal Age |
| 9:32 | Research | Double-Bit Axe |
| 9:43 | Build | House |
| 9:49 | Create | Villager (Male) |
| 10:04 | Create | Villager (Male) |
| 10:10 | Research | Horse Collar |
| 10:23 | Create | Villager (Male) |
| 10:32 | Build | Stable |
| 10:54 | Create | Villager (Male) |
| 11:14 | Create | Villager (Male) |
| 11:22 | Build | Stable |
| 11:26 | Build | Farm |
| 11:27 | Build | Farm |
| 11:34 | Create | Scout Cavalry |
| 11:42 | Build | House |
| 11:43 | Create | Villager (Male) |
| 11:49 | Build | Farm |
| 11:50 | Build | Farm |
| 12:03 | Create | Villager (Male) |
| 12:14 | Create | Scout Cavalry |
| 12:23 | Build | Blacksmith |
| 12:39 | Create | Villager (Male) |
| 12:53 | Create | Villager (Male) |
| 12:56 | Build | Farm |
| 12:56 | Build | Farm |
| 12:58 | Build | Farm |
| 13:20 | Research | Loom |
| 13:24 | Build | House |
| 13:28 | Create | Scout Cavalry |
| 13:35 | Build | Farm |
| 13:36 | Build | Farm |
| 13:37 | Build | Farm |
| 13:48 | Build | House |
| 13:55 | Build | Palisade Wall |
| 14:00 | Create | Scout Cavalry |
| 14:02 | Create | Villager (Male) |
| 14:17 | Create | Scout Cavalry |
| 14:23 | Create | Villager (Male) |
| 14:32 | Create | Scout Cavalry |
| 14:39 | Build | Farm |
| 14:40 | Build | Farm |
| 14:41 | Build | Farm |
| 14:49 | Create | Scout Cavalry |
| 15:06 | Create | Villager (Male) |
| 15:18 | Build | Mining Camp |
| 15:24 | Create | Scout Cavalry |
| 15:27 | Create | Villager (Male) |
| 15:34 | Build | Building 804 |
| 15:38 | Create | Scout Cavalry |
| 15:39 | Create | Villager (Male) |
| 15:44 | Build | House |
| 15:45 | Build | House |
| 15:51 | Create | Villager (Male) |
| 16:10 | Build | Farm |
| 16:11 | Build | Farm |
| 16:11 | Build | Farm |
| 16:24 | Build | House |
| 16:35 | Research | Scale Barding Armor |
| 16:40 | Research | Bloodlines |
| 16:41 | Create | Scout Cavalry |
| 16:42 | Create | Villager (Male) |
| 17:04 | Build | Farm |
| 17:09 | Build | House |
| 17:14 | Create | Villager (Male) |
| 17:20 | Create | Villager (Male) |
| 17:24 | Build | Farm |
| 17:33 | Build | House |
| 17:50 | Create | Scout Cavalry |
| 17:50 | Create | Scout Cavalry |
| 17:56 | Create | Villager (Male) |
| 18:14 | Create | Villager (Male) |
| 18:44 | Create | Villager (Male) |
| 19:01 | Build | Farm |
| 19:02 | Build | Farm |
| 19:03 | Build | Farm |
| 19:14 | Build | House |
| 19:15 | Build | House |
| 19:18 | Create | Villager (Male) |
| 19:40 | Research | Castle Age |
| 19:52 | Build | Lumber Camp |
| 20:14 | Build | Mill |
| 20:38 | Create | Scout Cavalry |
| 20:38 | Create | Scout Cavalry |
| 20:47 | Research | Wheelbarrow |
| 20:55 | Research | Stone Mining |
| 20:58 | Research | Gold Mining |
| 22:24 | Age | Castle Age |
| 22:26 | Research | Light Cavalry (upgrade) |
| 22:27 | Research | Husbandry |
| 22:28 | Create | Scout Cavalry |
| 22:28 | Create | Scout Cavalry |
| 22:28 | Create | Scout Cavalry |
| 22:29 | Create | Scout Cavalry |
| 22:30 | Create | Villager (Male) |
| 22:36 | Research | Chain Barding Armor |
| 22:44 | Create | Scout Cavalry |
| 23:00 | Build | Town Center |
| 23:09 | Create | Scout Cavalry |
| 23:46 | Create | Villager (Male) |
| 24:06 | Create | Villager (Male) |
| 24:27 | Create | Villager (Male) |
| 24:36 | Create | Villager (Male) |
| 24:36 | Create | Villager (Male) |
| 24:38 | Create | Villager (Male) |
| 24:49 | Create | Villager (Male) |
| 25:13 | Create | Villager (Male) |
| 25:26 | Create | Villager (Male) |
| 25:35 | Build | Siege Workshop |
| 25:46 | Create | Villager (Male) |
| 25:47 | Research | Hand Cart |
| 25:48 | Create | Villager (Male) |
| 25:54 | Create | Villager (Male) |
| 26:39 | Build | Farm |
| 26:39 | Build | Farm |
| 26:40 | Build | Farm |
| 26:40 | Build | Farm |
| 26:40 | Build | Farm |
| 26:41 | Build | Farm |
| 26:47 | Create | Knight |
| 26:47 | Create | Knight |
Build order — memecoin enthusiast
First 150 of 217 actions detected
| 0:00 | Create | Villager (Male) |
| 0:01 | Create | Villager (Male) |
| 0:01 | Create | Villager (Male) |
| 0:02 | Create | Villager (Male) |
| 0:02 | Create | Villager (Male) |
| 0:03 | Build | House |
| 0:04 | Build | House |
| 1:24 | Create | Villager (Male) |
| 1:24 | Create | Villager (Male) |
| 1:58 | Create | Villager (Male) |
| 2:21 | Create | Villager (Male) |
| 2:21 | Create | Villager (Male) |
| 2:49 | Create | Villager (Male) |
| 2:49 | Create | Villager (Male) |
| 2:49 | Create | Villager (Male) |
| 3:31 | Build | Lumber Camp |
| 3:37 | Create | Villager (Male) |
| 3:37 | Create | Villager (Male) |
| 3:38 | Create | Villager (Male) |
| 3:50 | Create | Villager (Male) |
| 3:50 | Create | Villager (Male) |
| 3:51 | Create | Villager (Male) |
| 3:58 | Build | House |
| 4:27 | Create | Villager (Male) |
| 4:28 | Create | Villager (Male) |
| 4:28 | Create | Villager (Male) |
| 4:55 | Create | Villager (Male) |
| 4:55 | Create | Villager (Male) |
| 4:56 | Create | Villager (Male) |
| 4:56 | Create | Villager (Male) |
| 5:33 | Build | Mill |
| 6:03 | Research | Loom |
| 6:44 | Research | Feudal Age |
| 6:44 | Research | Feudal Age |
| 7:49 | Build | Barracks |
| 8:54 | Age | Feudal Age |
| 8:57 | Build | Stable |
| 9:05 | Create | Villager (Male) |
| 9:06 | Research | Double-Bit Axe |
| 9:22 | Create | Villager (Male) |
| 9:24 | Build | Mill |
| 9:42 | Build | Palisade Gate |
| 10:17 | Create | Villager (Male) |
| 10:18 | Create | Villager (Male) |
| 10:22 | Create | Scout Cavalry |
| 10:22 | Create | Scout Cavalry |
| 10:46 | Build | House |
| 10:56 | Create | Scout Cavalry |
| 11:31 | Create | Scout Cavalry |
| 11:31 | Create | Scout Cavalry |
| 11:36 | Create | Villager (Male) |
| 11:36 | Create | Villager (Male) |
| 12:05 | Build | Mill |
| 12:06 | Build | Farm |
| 12:06 | Build | Farm |
| 12:06 | Build | Farm |
| 12:06 | Build | Farm |
| 12:07 | Build | Farm |
| 12:07 | Build | Farm |
| 12:07 | Build | Farm |
| 12:09 | Create | Villager (Male) |
| 12:24 | Create | Scout Cavalry |
| 12:28 | Create | Villager (Male) |
| 12:37 | Build | House |
| 12:38 | Build | House |
| 13:25 | Create | Villager (Male) |
| 14:37 | Create | Scout Cavalry |
| 14:38 | Create | Villager (Male) |
| 14:39 | Create | Villager (Male) |
| 15:27 | Create | Scout Cavalry |
| 15:28 | Create | Scout Cavalry |
| 15:30 | Create | Villager (Male) |
| 15:31 | Create | Villager (Male) |
| 15:31 | Create | Villager (Male) |
| 16:17 | Create | Villager (Male) |
| 16:20 | Create | Scout Cavalry |
| 16:36 | Create | Villager (Male) |
| 17:06 | Create | Scout Cavalry |
| 17:07 | Create | Scout Cavalry |
| 17:30 | Create | Villager (Male) |
| 17:54 | Create | Villager (Male) |
| 18:13 | Build | Lumber Camp |
| 19:44 | Research | Wheelbarrow |
| 21:38 | Build | Town Center |
| 21:45 | Build | Market |
| 22:18 | Build | Farm |
| 22:19 | Build | Farm |
| 22:49 | Create | Villager (Male) |
| 22:50 | Create | Villager (Male) |
| 22:50 | Create | Villager (Male) |
| 22:50 | Create | Villager (Male) |
| 22:54 | Build | Farm |
| 22:56 | Build | Farm |
| 23:01 | Build | Farm |
| 23:08 | Build | House |
| 23:24 | Build | Farm |
| 23:28 | Build | Farm |
| 23:32 | Build | Farm |
| 23:36 | Build | Farm |
| 23:41 | Build | Farm |
| 23:45 | Build | Farm |
| 23:53 | Build | House |
| 23:54 | Create | Villager (Male) |
| 23:54 | Create | Villager (Male) |
| 24:01 | Build | Farm |
| 24:16 | Build | Farm |
| 24:20 | Build | Farm |
| 24:25 | Build | Farm |
| 24:27 | Create | Villager (Male) |
| 24:27 | Create | Villager (Male) |
| 24:27 | Create | Villager (Male) |
| 24:44 | Build | Blacksmith |
| 24:46 | Build | Palisade Wall |
| 25:09 | Build | Stone Wall |
| 25:19 | Build | Stone Wall |
| 25:24 | Create | Villager (Male) |
| 25:25 | Create | Villager (Male) |
| 25:25 | Create | Villager (Male) |
| 25:35 | Build | Stone Wall |
| 25:43 | Build | Stone Wall |
| 25:49 | Create | Villager (Male) |
| 25:50 | Create | Villager (Male) |
| 25:50 | Create | Villager (Male) |
| 25:55 | Build | Mining Camp |
| 26:09 | Create | Villager (Male) |
| 26:12 | Build | Mill |
| 26:13 | Build | Farm |
| 26:13 | Build | Farm |
| 26:14 | Build | Farm |
| 26:14 | Build | Farm |
| 26:14 | Build | Farm |
| 26:14 | Build | Farm |
| 26:15 | Build | Farm |
| 26:15 | Build | Farm |
| 26:39 | Build | Farm |
| 26:47 | Create | Villager (Male) |
| 26:52 | Build | Farm |
| 26:57 | Build | Farm |
| 27:17 | Create | Villager (Male) |
| 27:27 | Create | Villager (Male) |
| 27:46 | Build | House |
| 27:55 | Create | Villager (Male) |
| 28:00 | Build | Stone Wall |
| 28:12 | Build | Stone Wall |
| 28:27 | Build | Stone Wall |
| 28:47 | Research | Castle Age |
| 28:47 | Research | Castle Age |
| 28:55 | Build | Stone Wall |
| 28:59 | Build | Stable |
| 29:10 | Build | Stone Wall |
Match timeline
| 7:40 | 自由人生 · wall_segment Palisade Wall x6 |
| 7:49 | memecoin enthusiast · first_building Barracks |
| 7:58 | 公鸡开大巴 · wall_segment Palisade Wall x3 |
| 8:03 | 公鸡开大巴 · wall_segment Palisade Wall x4 |
| 8:17 | brendansexson · first_building Barracks |
| 8:22 | brendansexson · wall_segment Palisade Wall x8 |
| 8:23 | surprise · first_building Barracks |
| 8:46 | korn · age_up feudal |
| 8:48 | What's bro yappin about? · first_building Barracks |
| 8:54 | memecoin enthusiast · age_up feudal |
| 8:57 | memecoin enthusiast · first_building Stable |
| 9:04 | 自由人生 · wall_segment Palisade Wall x7 |
| 9:07 | 公鸡开大巴 · first_building Barracks |
| 9:08 | surprise · wall_segment Palisade Wall x1 |
| 9:09 | surprise · wall_segment Palisade Wall x1 |
| 9:10 | brendansexson · wall_segment Palisade Wall x7 |
| 9:10 | surprise · wall_segment Palisade Wall x1 |
| 9:11 | surprise · wall_segment Palisade Wall x1 |
| 9:12 | surprise · wall_segment Palisade Wall x1 |
| 9:13 | surprise · wall_segment Palisade Wall x1 |
| 9:18 | brendansexson · wall_segment Palisade Wall x1 |
| 9:22 | surprise · age_up feudal |
| 9:25 | surprise · first_building Stable |
| 9:25 | 公鸡开大巴 · age_up feudal |
| 9:33 | surprise · wall_segment Palisade Wall x1 |
| 9:33 | surprise · wall_segment Palisade Wall x1 |
| 9:34 | surprise · wall_segment Palisade Wall x1 |
| 9:34 | surprise · wall_segment Palisade Wall x1 |
| 9:35 | surprise · wall_segment Palisade Wall x1 |
| 9:35 | surprise · wall_segment Palisade Wall x1 |
| 9:35 | surprise · wall_segment Palisade Wall x1 |
| 9:37 | surprise · wall_segment Palisade Wall x1 |
| 9:38 | surprise · wall_segment Palisade Wall x1 |
| 9:39 | surprise · wall_segment Palisade Wall x1 |
| 9:39 | surprise · wall_segment Palisade Wall x1 |
| 9:48 | What's bro yappin about? · wall_segment Palisade Wall x1 |
| 9:51 | What's bro yappin about? · wall_segment Palisade Wall x1 |
| 9:54 | 自由人生 · wall_segment Palisade Wall x10 |
| 10:18 | 自由人生 · wall_segment Palisade Wall x7 |
| 10:32 | 公鸡开大巴 · first_building Stable |
| 11:02 | What's bro yappin about? · age_up feudal |
| 11:02 | brendansexson · age_up feudal |
| 11:03 | What's bro yappin about? · first_building Stable |
| 11:05 | brendansexson · first_building Stable |
| 11:07 | Retired Sweat Lord · wall_segment Palisade Wall x1 |
| 11:13 | surprise · wall_segment Palisade Wall x1 |
| 11:18 | korn · wall_segment Palisade Wall x1 |
| 11:19 | korn · wall_segment Palisade Wall x1 |
| 11:20 | korn · wall_segment Palisade Wall x2 |
| 11:20 | korn · wall_segment Palisade Wall x1 |
| 11:21 | korn · wall_segment Palisade Wall x1 |
| 11:26 | korn · wall_segment Palisade Wall x1 |
| 11:29 | 自由人生 · age_up feudal |
| 11:38 | korn · wall_segment Palisade Wall x1 |
| 11:39 | korn · wall_segment Palisade Wall x1 |
| 11:40 | korn · wall_segment Palisade Wall x1 |
| 11:51 | korn · wall_segment Palisade Wall x4 |
| 12:00 | Retired Sweat Lord · age_up feudal |
| 12:16 | surprise · wall_segment Palisade Wall x1 |
| 12:53 | Retired Sweat Lord · wall_segment Palisade Wall x1 |
| 12:54 | Retired Sweat Lord · wall_segment Palisade Wall x1 |
| 12:55 | Retired Sweat Lord · wall_segment Palisade Wall x1 |
| 13:09 | Retired Sweat Lord · first_market_sell 100 stone |
| 13:12 | Retired Sweat Lord · first_market_buy 100 food |
| 13:15 | korn · wall_segment Palisade Wall x1 |
| 13:17 | korn · wall_segment Palisade Wall x1 |
| 13:17 | korn · wall_segment Palisade Wall x1 |
| 13:31 | korn · wall_segment Palisade Wall x1 |
| 13:55 | 公鸡开大巴 · wall_segment Palisade Wall x25 |
| 13:59 | korn · wall_segment Palisade Wall x1 |
| 13:59 | korn · wall_segment Palisade Wall x1 |
| 14:00 | korn · wall_segment Palisade Wall x1 |
| 14:00 | korn · wall_segment Palisade Wall x1 |
| 14:02 | korn · wall_segment Palisade Wall x1 |
| 14:03 | korn · wall_segment Palisade Wall x1 |
| 14:42 | korn · wall_segment Palisade Wall x1 |
| 14:46 | Retired Sweat Lord · wall_segment Palisade Wall x1 |
| 14:48 | Retired Sweat Lord · wall_segment Palisade Wall x1 |
| 14:49 | Retired Sweat Lord · wall_segment Palisade Wall x1 |
| 14:51 | Retired Sweat Lord · wall_segment Palisade Wall x1 |
| 14:55 | Retired Sweat Lord · wall_segment Palisade Wall x1 |
| 14:56 | Retired Sweat Lord · wall_segment Palisade Wall x1 |
| 15:19 | What's bro yappin about? · wall_segment Palisade Wall x1 |
| 15:21 | What's bro yappin about? · wall_segment Palisade Wall x1 |
| 15:23 | What's bro yappin about? · wall_segment Palisade Wall x1 |
| 15:33 | korn · wall_segment Palisade Wall x1 |
| 16:19 | Retired Sweat Lord · age_up castle |
| 16:27 | Retired Sweat Lord · wall_segment Palisade Wall x1 |
| 17:20 | brendansexson · wall_segment Stone Wall x20 |
| 17:33 | 自由人生 · wall_segment Palisade Wall x1 |
| 17:35 | 自由人生 · wall_segment Palisade Wall x1 |
| 17:36 | 自由人生 · wall_segment Palisade Wall x1 |
| 17:37 | Retired Sweat Lord · first_building Castle |
| 17:37 | 自由人生 · wall_segment Palisade Wall x1 |
| 18:13 | surprise · first_market_sell 100 stone |
| 18:53 | surprise · wall_segment Palisade Wall x1 |
| 19:32 | Retired Sweat Lord · tribute_sent a jugador 1 |
| 19:32 | Retired Sweat Lord · tribute_sent a jugador 3 |
| 19:32 | Retired Sweat Lord · tribute_sent a jugador 4 |
| 19:32 | Retired Sweat Lord · tribute_sent a jugador 5 |
| 19:32 | Retired Sweat Lord · tribute_sent a jugador 6 |
| 19:32 | Retired Sweat Lord · tribute_sent a jugador 7 |
| 19:32 | Retired Sweat Lord · tribute_sent a jugador 8 |
| 19:54 | 自由人生 · wall_segment Stone Wall x10 |
| 20:56 | surprise · age_up castle |
| 20:56 | surprise · first_market_buy 100 wood |
| 21:48 | brendansexson · age_up castle |
| 22:05 | brendansexson · first_building Siege Workshop |
| 22:24 | 公鸡开大巴 · age_up castle |
| 22:37 | What's bro yappin about? · wall_segment Palisade Wall x2 |
| 22:42 | memecoin enthusiast · first_market_sell 100 stone |
| 22:48 | memecoin enthusiast · first_market_buy 100 food |
| 22:51 | brendansexson · wall_segment Stone Wall x20 |
| 23:10 | brendansexson · wall_segment Stone Wall x2 |
| 23:25 | 自由人生 · wall_segment Palisade Wall x1 |
| 23:27 | 自由人生 · wall_segment Palisade Wall x1 |
| 23:28 | 自由人生 · wall_segment Palisade Wall x1 |
| 23:29 | 自由人生 · wall_segment Palisade Wall x1 |
| 23:30 | 自由人生 · wall_segment Palisade Wall x1 |
| 23:48 | brendansexson · first_market_buy 500 stone |
| 23:51 | brendansexson · first_market_sell 100 food |
| 23:52 | surprise · first_building Castle |
| 23:54 | What's bro yappin about? · first_market_sell 100 stone |
| 23:56 | What's bro yappin about? · first_market_buy 100 food |
| 24:06 | brendansexson · first_building Castle |
| 24:29 | 自由人生 · age_up castle |
| 24:41 | Retired Sweat Lord · first_building Barracks |
| 24:46 | memecoin enthusiast · wall_segment Palisade Wall x3 |
| 24:52 | korn · wall_segment Palisade Wall x1 |
| 24:54 | brendansexson · first_building Monastery |
| 25:07 | korn · wall_segment Stone Wall x2 |
| 25:09 | memecoin enthusiast · wall_segment Stone Wall x5 |
| 25:12 | korn · first_market_sell 100 stone |
| 25:19 | memecoin enthusiast · wall_segment Stone Wall x1 |
| 25:35 | 公鸡开大巴 · first_building Siege Workshop |
| 25:35 | memecoin enthusiast · wall_segment Stone Wall x6 |
| 25:36 | Retired Sweat Lord · first_building Stable |
| 25:43 | memecoin enthusiast · wall_segment Stone Wall x2 |
| 26:40 | What's bro yappin about? · age_up castle |
| 27:07 | surprise · first_building Archery Range |
| 27:08 | 自由人生 · wall_segment Palisade Wall x1 |
| 27:09 | 自由人生 · wall_segment Palisade Wall x1 |
| 27:09 | 自由人生 · wall_segment Palisade Wall x1 |
| 27:10 | 自由人生 · wall_segment Palisade Wall x2 |
| 27:10 | 自由人生 · wall_segment Palisade Wall x1 |
| 27:10 | 自由人生 · wall_segment Palisade Wall x1 |
| 27:11 | 自由人生 · wall_segment Palisade Wall x2 |
| 27:11 | 自由人生 · wall_segment Palisade Wall x1 |
| 27:11 | 自由人生 · wall_segment Palisade Wall x1 |
| 27:38 | What's bro yappin about? · wall_segment Palisade Wall x1 |
| 27:53 | korn · age_up castle |
| 28:00 | memecoin enthusiast · wall_segment Stone Wall x3 |
| 28:02 | korn · first_market_buy 100 wood |
| 28:12 | memecoin enthusiast · wall_segment Stone Wall x4 |
| 28:27 | memecoin enthusiast · wall_segment Stone Wall x2 |
| 28:32 | 公鸡开大巴 · wall_segment Stone Wall x12 |
| 28:38 | 自由人生 · first_building Castle |
| 28:55 | memecoin enthusiast · wall_segment Stone Wall x4 |
| 29:10 | memecoin enthusiast · wall_segment Stone Wall x1 |
| 29:22 | memecoin enthusiast · wall_segment Stone Wall x3 |
| 30:00 | memecoin enthusiast · wall_segment Stone Wall x4 |
| 30:12 | 公鸡开大巴 · wall_segment Stone Wall x1 |
| 30:26 | 公鸡开大巴 · wall_segment Stone Wall x4 |
| 30:50 | korn · wall_segment Stone Wall x7 |
| 30:51 | korn · wall_segment Stone Wall x1 |
| 30:56 | What's bro yappin about? · wall_segment Palisade Wall x1 |
| 31:27 | What's bro yappin about? · wall_segment Palisade Wall x1 |
| 31:39 | 公鸡开大巴 · wall_segment Stone Wall x21 |
| 31:50 | memecoin enthusiast · age_up castle |
| 32:23 | 公鸡开大巴 · wall_segment Stone Wall x6 |
| 32:57 | korn · wall_segment Stone Wall x2 |
| 33:30 | 公鸡开大巴 · wall_segment Stone Wall x4 |
| 33:30 | memecoin enthusiast · wall_segment Stone Wall x1 |
| 33:32 | memecoin enthusiast · wall_segment Stone Wall x1 |
| 33:33 | korn · wall_segment Stone Wall x4 |
| 33:35 | korn · wall_segment Stone Wall x4 |
| 33:36 | korn · wall_segment Stone Wall x1 |
| 33:39 | Retired Sweat Lord · resign |
[ AI ANALYSIS · 1 CREDIT ]
What really happened in this match?
Wolo.gg analyzes every decision: build order, eco, micro, common mistakes by bracket. Personalized analysis on WhatsApp or Discord in 30 seconds.
Civ guide
Hindustanis
Map guide
Chaos Pit
Perfil
What's bro yappin about?